 Dungeon Crawl Stone Soup version 0.25-a0-890-g62861fb195 (webtiles) character file.

Game seed: 10758094357568399487, levelgen mode: deterministic

121 Error4North the Skirmisher (level 5, -1/47 HPs)
             Began as a Hill Orc Fighter on May 2, 2020.
             Slain by a gnoll
             ... wielding a +0 halberd
              (4 damage)
             ... on level 2 of the Dungeon.
             The game lasted 00:03:17 (1799 turns).

Error4North the Skirmisher (Hill Orc Fighter)       Turns: 1799, Time: 00:03:18

Health: -1/47      AC:  7    Str: 20    XL:     5   Next: 5%
Magic:  5/5        EV:  7    Int:  8    God:
Gold:   67         SH:  9    Dex: 10    Spells: 4/4 levels left

rFire    . . .     SeeInvis .   a - +0 war axe
rCold    . . .     Gourm    .   c - +0 kite shield
rNeg     . . .     Faith    .   b - +0 scale mail
rPois    .         Spirit   .   (no helmet)
rElec    .         Reflect  .   (no cloak)
rCorr    .         Harm     .   (no gloves)
MR       .....                  (no boots)
Stlth    ..........             (no amulet)
HPRegen  0.15/turn              (no ring)
MPRegen  0.09/turn              (no ring)

@: no status effects
A: no striking features
a: no special abilities


You were on level 2 of the Dungeon.
You were not hungry.

You visited 1 branch of the dungeon, and saw 2 of its levels.

You collected 67 gold pieces.

Inventory:

Hand Weapons
 a - a +0 war axe (weapon)
Armour
 b - a +0 scale mail (worn)
 c - a +0 kite shield (worn)
Scrolls
 d - a scroll of remove curse {unknown}
 e - 3 scrolls of identify {unknown}
 g - a scroll of random uselessness {unknown}
 j - a scroll of teleportation {unknown}
 k - a scroll of magic mapping {unknown}
 l - a scroll of blinking {unknown}
 m - a scroll of enchant weapon {unknown}
 o - a scroll of fog {unknown}
Potions
 i - a potion of haste
Comestibles
 f - 4 rations
 h - 3 chunks of flesh


   Skills:
 * Level 4.4 Fighting
 + Level 4.4 Axes
 * Level 3.8 Armour
 + Level 0.2 Dodging
 * Level 4.2 Shields


You had 4 spell levels left.
You didn't know any spells.
Your spell library was empty.

Dungeon Overview and Level Annotations

Branches:
Dungeon (2/15)

Altars:


Message History

You completely miss the gnoll. You miss the leopard gecko.
You closely miss the gnoll. You barely miss the gnoll.
The gnoll sergeant completely misses you.
The leopard gecko barely misses you. The gnoll barely misses you.
The gnoll hits you with a cursed -2 halberd.
* * * LOW HITPOINT WARNING * * *
You block the gnoll sergeant's attack. The gnoll hits you with a +0 halberd.
* * * LOW HITPOINT WARNING * * *
You block the gnoll's attack.
The leopard gecko bites you but does no damage.
You block the gnoll sergeant's attack.
You closely miss the gnoll sergeant. You hit the gnoll but do no damage.
You hit the gnoll.
Your shield prevents you from hitting the leopard gecko.
You barely miss the gnoll.
The gnoll hits you with a cursed -2 halberd.
* * * LOW HITPOINT WARNING * * *
The gnoll hits you with a +0 halberd.
You die...

#.............# #.#
#..#.#..##...## #.#
####..#.#..###.## #.#
#.......#..# #.# #.#
#.##...)...# #.# #.#
#.##.#.#######'## #.#
#.#.###.## ##.".## #.#
#.....##.###..glg## #.####
###...#.###...g@..# ##....#
##....###.....g...# ##...#.####
#.......+.[.......+............
##...####.........####...#.####
##..# ##.......## ##.##.# ##.#
##.....## ####.# .># ##>..##
#.# ### ##+## #.# #.#


You could see a gnoll sergeant, 3 gnolls and a leopard gecko.

Vanquished Creatures
  A hound skeleton (D:2)
  4 gnolls (D:2)
  3 adders (D:2)
  A worm (D:2)
  A dart slug (D:2)
  2 leopard geckos (D:2)
  5 bats (D:2)
  A bat zombie (D:2)
  6 goblins
  4 hobgoblins
  A ball python zombie (D:2)
  3 frilled lizards
  A giant cockroach zombie (D:2)
  7 kobolds (D:2)
  A leopard gecko zombie (D:2)
  A quokka zombie (D:2)
  3 rats
45 creatures vanquished.

Notes
Turn   | Place    | Note
-------+----------+-------------------------------------------
     0 | D:1      | Error4North the Hill Orc Fighter began the quest for the
                  | Orb.
     0 | D:1      | Reached XP level 1. HP: 19/19 MP: 1/1
   526 | D:1      | Reached XP level 2. HP: 27/27 MP: 2/2
  1012 | D:2      | Reached XP level 3. HP: 26/33 MP: 3/3
  1218 | D:2      | Reached XP level 4. HP: 29/41 MP: 4/4
  1639 | D:2      | Reached XP level 5. HP: 46/47 MP: 5/5
  1799 | D:2      | Slain by a gnoll

Levels and vault maps discovered:
D:1:      wander_arrival_peaceful_grave, layout_basic
D:2:      layout_loops_corners, serial_undead, serial_undead_c, serial_undead_d,
          serial_undead_f, serial_undead_f

Skill      XL: |  1  2  3  4 |
---------------+-------------+-----
Fighting       | 4 |  4.4
Axes           | 3 4 |  4.4
Shields        | 4 |  4.2
Armour         | |  3.8
Dodging        | |  0.2

Action                   |  1- 3 |  4- 6 || total
-------------------------+-------+-------++-------
Melee: War axe           |    87 |    41 ||   128
  Use: Potion            |     1 |     2 ||     3
  Eat: Chunk             |     1 |     2 ||     3
Armor: Scale mail        |    42 |    26 ||    68
Dodge: Dodged            |    19 |    15 ||    34
Block: Kite shield       |    47 |    23 ||    70

Table legend:
 A = Non-vault XP
 B = Vault XP
 C = Vault XP percentage of total XP
 D = Non-vault monster count
 E = Vault monster count
 F = Vault count percentage of total count
                 A         B        C        D         E       F
            +---------+---------+-------+---------+---------+-------
      Total |     150 |      24 |  13.8 |      39 |       6 |  13.3
            +---------+---------+-------+---------+---------+-------
        D:1 |      10 |       0 |   0.0 |       6 |       0 |   0.0
        D:2 |     140 |      24 |  14.6 |      33 |       6 |  15.4
            +---------+---------+-------+---------+---------+-------
